PAA
YAKIMA HOPS @ MERCER ISLAND SCREAMING EAGLES
06/18/2025
 
TOP OF THE 1ST
Yakima Hops batting - Pitching for Mercer Island Screaming Eagles : RHP Fernando Reyna
Pitching: RHP Fernando Reyna
Batting: RHB Mariano Sánchez 0-0: Ball
1-0: Called Strike
1-1: Swinging Strike
1-2: Strikes out looking
Batting: SHB Orlando Villa 0-0: SINGLE (Flyball, 8LS)
Batting: RHB Jock Semple 0-0: Called Strike
0-1: Swinging Strike
0-2: Foul Ball, location: 2F
0-2: Strikes out swinging
Batting: RHB Joe Phillips 0-0: Ball
1-0: Foul Ball, location: 2F
1-1: Called Strike
1-2: Ground out U3 (Groundball, 23)
Top of the 1st over - 0 run(s), 1 hit(s), 0 error(s), 1 left on base; Yakima 0 - Mercer Island 0
BOTTOM OF THE 1ST
Mercer Island Screaming Eagles batting - Pitching for Yakima Hops : RHP Mariano Martínez
Pitching: RHP Mariano Martínez
Batting: LHB Nelson Plasenia 0-0: Ball
1-0: Ball
2-0: Called Strike
2-1: Foul Ball, location: 2F
2-2: Fly out, F7 (Flyball, 7LSF)
Batting: RHB Alfredo García 0-0: Ball
1-0: TRIPLE (Line Drive, 9LS)
Batting: RHB Vincente Flores 0-0: Called Strike
0-1: Ball
1-1: Ball
2-1: Fly out, F7 (Line Drive, 7S)
Batting: RHB Luis Antonio Hernández 0-0: Foul Ball, location: 2F
0-1: Ball
1-1: Foul Ball, location: 2F
1-2: Foul Ball, location: 2F
1-2: Strikes out looking
Bottom of the 1st over - 0 run(s), 1 hit(s), 0 error(s), 1 left on base; Yakima 0 - Mercer Island 0
TOP OF THE 2ND
Yakima Hops batting - Pitching for Mercer Island Screaming Eagles : RHP Fernando Reyna
Batting: SHB Luis Luquín 0-0: Ball
1-0: Fly out, F9 (Flyball, 9S)
Batting: LHB César Nieves 0-0: Fly out, F8 (Line Drive, 8LM)
Batting: SHB Esteban Lugo 0-0: Ball
1-0: Called Strike
1-1: Foul Ball, location: 2F
1-2: Foul Ball, location: 2F
1-2: Ground out 6-3 (Groundball, 6)
Top of the 2nd over - 0 run(s), 0 hit(s), 0 error(s), 0 left on base; Yakima 0 - Mercer Island 0
BOTTOM OF THE 2ND
Mercer Island Screaming Eagles batting - Pitching for Yakima Hops : RHP Mariano Martínez
Batting: RHB Hank Scorpio 0-0: Ball
1-0: Called Strike
1-1: Ball
2-1: DOUBLE (Flyball, 78D)
Batting: RHB Ron Gérard 0-0: Foul Ball, location: 2F
0-1: Ground out 1-3 (Groundball, 13S)
Hank Scorpio to third
Batting: LHB Theo Fightmaster 0-0: Called Strike
0-1: SINGLE (Line Drive, 4MD)
Hank Scorpio scores
Batting: RHB Eduardo Rivera 0-0: Swinging Strike
0-1: Foul Ball, location: 2F
0-2: Foul Ball, location: 2F
0-2: Strikes out looking and he ARGUES THE CALL AND IS TOSSED!
Batting: SHB León Estrada 0-0: Called Strike
0-1: Ball
1-1: Ball
2-1: Fielders Choice at 2nd, 4-6 (Groundball, 4D)
Bottom of the 2nd over - 1 run(s), 2 hit(s), 0 error(s), 0 left on base; Yakima 0 - Mercer Island 1
TOP OF THE 3RD
Yakima Hops batting - Pitching for Mercer Island Screaming Eagles : RHP Fernando Reyna
Now at 2B: Sergio Anruvio
Batting: RHB Lenny Roper 0-0: Swinging Strike
0-1: Foul Ball, location: 2F
0-2: Ball
1-2: Ball
2-2: Ground out 4-3 (Groundball, 4)
Batting: SHB Domingo Luna 0-0: Swinging Strike
0-1: Called Strike
0-2: Ball
1-2: Ball
2-2: Strikes out swinging
Batting: RHB Mariano Sánchez 0-0: Ball
1-0: Swinging Strike
1-1: Ball
2-1: Ball
3-1: Base on Balls
Batting: SHB Orlando Villa 0-0: Ball
1-0: Fly out, F8 (Flyball, 8LD)
Top of the 3rd over - 0 run(s), 0 hit(s), 0 error(s), 1 left on base; Yakima 0 - Mercer Island 1
BOTTOM OF THE 3RD
Mercer Island Screaming Eagles batting - Pitching for Yakima Hops : RHP Mariano Martínez
Batting: LHB Nelson Plasenia 0-0: Called Strike
0-1: Fly out, F3 (Popup, 3L)
Batting: RHB Alfredo García 0-0: SINGLE (Groundball, 56D)
Batting: RHB Vincente Flores 0-0: Called Strike
0-1: Called Strike
0-2: Strikes out looking
Batting: RHB Luis Antonio Hernández 0-0: Called Strike
0-1: Ball
1-1: Ball
2-1: Ball
3-1: Fly out, F8 (Flyball, 78S)
Bottom of the 3rd over - 0 run(s), 1 hit(s), 0 error(s), 1 left on base; Yakima 0 - Mercer Island 1
TOP OF THE 4TH
Yakima Hops batting - Pitching for Mercer Island Screaming Eagles : RHP Fernando Reyna
Batting: RHB Jock Semple 0-0: Called Strike
0-1: Called Strike
0-2: Ball
1-2: Ball
2-2: Foul Ball, location: 2F
2-2: Foul Ball, location: 2F
2-2: Fly out, F9 (Flyball, 9)
Batting: RHB Joe Phillips 0-0: Ball
1-0: Called Strike
1-1: Called Strike
1-2: Foul Ball, location: 2F
1-2: Foul Ball, location: 2F
1-2: Ball
2-2: Ball
3-2: SINGLE (Groundball, 4D)
Batting: SHB Luis Luquín 0-0: Ball
1-0: Called Strike
1-1: Ball
2-1: Fly out, F9 (Flyball, 89M)
Batting: LHB César Nieves 0-0: Called Strike
0-1: Ball
1-1: Fly out, F7 (Flyball, 7LMF)
Top of the 4th over - 0 run(s), 1 hit(s), 0 error(s), 1 left on base; Yakima 0 - Mercer Island 1
BOTTOM OF THE 4TH
Mercer Island Screaming Eagles batting - Pitching for Yakima Hops : RHP Mariano Martínez
Batting: RHB Hank Scorpio 0-0: Ball
1-0: Foul Ball, location: 2F
1-1: Called Strike
1-2: Ball
2-2: Foul Ball, location: 2F
2-2: Ground out U3 (Groundball, 3)
Batting: RHB Ron Gérard 0-0: Ground out 6-3 (Groundball, 6)
Batting: LHB Theo Fightmaster 0-0: Called Strike
0-1: Ball
1-1: SINGLE (Groundball, 4M) (infield hit)
Batting: RHB Sergio Anruvio 0-0: Hit by Pitch
Theo Fightmaster to second
Batting: SHB León Estrada 0-0: Ball
1-0: Ball
2-0: Foul Ball, location: 2F
2-1: Swinging Strike
2-2: Strikes out swinging
Bottom of the 4th over - 0 run(s), 1 hit(s), 0 error(s), 2 left on base; Yakima 0 - Mercer Island 1
TOP OF THE 5TH
Yakima Hops batting - Pitching for Mercer Island Screaming Eagles : RHP Fernando Reyna
Batting: SHB Esteban Lugo 0-0: Ball
1-0: Fly out, F9 (Line Drive, 9LD)
Batting: RHB Lenny Roper 0-0: Foul Ball, location: 2F
0-1: Called Strike
0-2: Ball
1-2: Strikes out swinging
Batting: SHB Domingo Luna 0-0: Ball
1-0: Ball
2-0: Fly out, F9 (Flyball, 9)
Top of the 5th over - 0 run(s), 0 hit(s), 0 error(s), 0 left on base; Yakima 0 - Mercer Island 1
BOTTOM OF THE 5TH
Mercer Island Screaming Eagles batting - Pitching for Yakima Hops : RHP Mariano Martínez
Batting: LHB Nelson Plasenia 0-0: Ball
1-0: Ball
2-0: Reached on error, E4 (Groundball, 4)
Batting: RHB Alfredo García 0-0: Called Strike
0-1: Bunted foul
0-2: Ball
1-2: Ball
2-2: Fly out, F4 (Line Drive, 4M)
Lined into DP, U4 (Line Drive, 4M)
Batting: RHB Vincente Flores 0-0: Ball
1-0: Swinging Strike
1-1: Swinging Strike
1-2: Foul Ball, location: 2F
1-2: Foul Ball, location: 2F
1-2: Ground out 5-3 (Groundball, 5L)
Bottom of the 5th over - 0 run(s), 0 hit(s), 1 error(s), 0 left on base; Yakima 0 - Mercer Island 1
TOP OF THE 6TH
Yakima Hops batting - Pitching for Mercer Island Screaming Eagles : RHP Fernando Reyna
Batting: RHB Mariano Sánchez 0-0: Swinging Strike
0-1: Foul Ball, location: 2F
0-2: Ball
1-2: Ground out 4-3 (Groundball, 4)
Batting: SHB Orlando Villa 0-0: Ball
1-0: Called Strike
1-1: Fly out, F8 (Flyball, 8RXD)
Batting: RHB Jock Semple 0-0: Called Strike
0-1: SOLO HOME RUN (Flyball, 78XD), Distance : 420 ft
Batting: RHB Joe Phillips 0-0: Ground out 5-3 (Groundball, 56S)
Top of the 6th over - 1 run(s), 1 hit(s), 0 error(s), 0 left on base; Yakima 1 - Mercer Island 1
BOTTOM OF THE 6TH
Mercer Island Screaming Eagles batting - Pitching for Yakima Hops : RHP Mariano Martínez
Batting: RHB Luis Antonio Hernández 0-0: Fly out, F5 (Line Drive, 5)
Batting: RHB Hank Scorpio 0-0: Called Strike
0-1: Swinging Strike
0-2: Ball
1-2: Foul Ball, location: 2F
1-2: Strikes out swinging
Batting: RHB Ron Gérard 0-0: Called Strike
0-1: DOUBLE (Groundball, 5L)
Batting: LHB Theo Fightmaster 0-0: Called Strike
0-1: Ball
1-1: DOUBLE (Line Drive, 7LM)
Ron Gérard scores
Batting: RHB Sergio Anruvio 0-0: Called Strike
0-1: Foul Ball, location: 2F
0-2: Ball
1-2: Ball
2-2: Ground out 6-3 (Groundball, 6)
Bottom of the 6th over - 1 run(s), 2 hit(s), 0 error(s), 1 left on base; Yakima 1 - Mercer Island 2
TOP OF THE 7TH
Yakima Hops batting - Pitching for Mercer Island Screaming Eagles : RHP Fernando Reyna
Batting: SHB Luis Luquín 0-0: Called Strike
0-1: Ground out 4-3 (Groundball, 4)
Batting: LHB César Nieves 0-0: Ball
1-0: Called Strike
1-1: Ball
2-1: Fly out, F9 (Flyball, 9S)
Batting: SHB Esteban Lugo 0-0: Called Strike
0-1: Ball
1-1: Foul Ball, location: 2F
1-2: Strikes out swinging
Top of the 7th over - 0 run(s), 0 hit(s), 0 error(s), 0 left on base; Yakima 1 - Mercer Island 2
BOTTOM OF THE 7TH
Mercer Island Screaming Eagles batting - Pitching for Yakima Hops : RHP Mariano Martínez
Batting: SHB León Estrada 0-0: DOUBLE (Line Drive, 7LS)
Batting: LHB Nelson Plasenia 0-0: Ball
1-0: Called Strike
1-1: Swinging Strike
1-2: Ball
2-2: Ground out 6-3 (Groundball, 6)
Pinch Hitting: LHB Raúl Zamora 0-0: Foul Ball, location: 2F
0-1: Called Strike
0-2: Foul Ball, location: 2F
0-2: SINGLE (Groundball, 6M) (infield hit)
León Estrada to third
Pitching: LHP Cristo Perales
Batting: RHB Vincente Flores 0-0: DOUBLE (Flyball, 78M)
León Estrada scores
Raúl Zamora to third
Batting: RHB Luis Antonio Hernández 0-0: Ball
1-0: Called Strike
1-1: Ball
2-1: Swinging Strike
2-2: SINGLE (Groundball, 56D)
Raúl Zamora scores
Vincente Flores to third
Runner from 3rd tries for Home, SAFE, throw made home
Batting: RHB Hank Scorpio 0-0: Ball
1-0: Swinging Strike
1-1: Fielders Choice at 2nd, 6-4 (Groundball, 56)
Batting: RHB Ron Gérard 0-0: Ball
1-0: Called Strike
Hank Scorpio is caught stealing 2nd base
Bottom of the 7th over - 3 run(s), 4 hit(s), 0 error(s), 0 left on base; Yakima 1 - Mercer Island 5
TOP OF THE 8TH
Yakima Hops batting - Pitching for Mercer Island Screaming Eagles : RHP Fernando Reyna
Now in LF: Jacob Herman
Batting: RHB Lenny Roper 0-0: Ball
1-0: Foul Ball, location: 2F
1-1: Fly out, F9 (Flyball, 9S)
Batting: SHB Domingo Luna 0-0: Foul Ball, location: 2F
0-1: Ball
1-1: Swinging Strike
1-2: Ground out U3 (Groundball, 3L)
Batting: RHB Mariano Sánchez 0-0: Foul Ball, location: 2F
0-1: Reached on error, E5 (Groundball, 5)
Batting: SHB Orlando Villa 0-0: Called Strike
0-1: Foul Ball, location: 2F
0-2: Ball
1-2: Foul Ball, location: 2F
1-2: Ball
2-2: Foul Ball, location: 2F
2-2: DOUBLE (Line Drive, 7)
Mariano Sánchez scores
Batting: RHB Jock Semple 0-0: Foul Ball, location: 2F
0-1: Ball
1-1: Swinging Strike
1-2: Foul Ball, location: 2F
1-2: Foul Ball, location: 2F
1-2: Foul Ball, location: 2F
1-2: Ball
2-2: Foul Ball, location: 2F
2-2: Foul Ball, location: 2F
2-2: Fly out, F9 (Flyball, 9LM)
Top of the 8th over - 1 run(s), 1 hit(s), 1 error(s), 1 left on base; Yakima 2 - Mercer Island 5
BOTTOM OF THE 8TH
Mercer Island Screaming Eagles batting - Pitching for Yakima Hops : LHP Cristo Perales
Batting: RHB Ron Gérard 0-0: Ball
1-0: Called Strike
1-1: Fly out, F9 (Flyball, 9LS)
Batting: LHB Theo Fightmaster 0-0: Called Strike
0-1: Ground out U3 (Groundball, 3)
Batting: RHB Sergio Anruvio 0-0: Foul Ball, location: 2F
0-1: Swinging Strike
0-2: Ball
1-2: Ground out 5-3 (Groundball, 5)
Bottom of the 8th over - 0 run(s), 0 hit(s), 0 error(s), 0 left on base; Yakima 2 - Mercer Island 5
TOP OF THE 9TH
Yakima Hops batting - Pitching for Mercer Island Screaming Eagles : RHP Fernando Reyna
Pitching: LHP José Sánchez
Batting: RHB Joe Phillips 0-0: Ball
1-0: DOUBLE (Groundball, 5L)
Batting: SHB Luis Luquín 0-0: Ball
1-0: Ball
2-0: Fly out, F7 (Flyball, 7)
Batting: LHB César Nieves 0-0: Ball
1-0: Fly out, F7 (Flyball, 7)
Batting: SHB Esteban Lugo 0-0: Called Strike
0-1: Ball
1-1: Ball
2-1: Ball
3-1: Base on Balls
Batting: RHB Lenny Roper 0-0: Called Strike
0-1: Foul Ball, location: 2F
0-2: Strikes out swinging
Top of the 9th over - 0 run(s), 1 hit(s), 0 error(s), 2 left on base; Yakima 2 - Mercer Island 5
Friday, December 30th, 2016 - OOTP Baseball 17.12 Build 75